Map: Voracity

Players

Woodroof - Winner!

  • Race: Protoss Protoss
  • Spawn Location: 1:00

Grounded - Winner!

  • Race: Protoss Protoss
  • Spawn Location: 1:00

ricko - Winner!

  • Race: Terran Terran
  • League: Platinum
  • Spawn Location: 1:00

Conquenhablo

  • Race: Protoss Protoss
  • League: Diamond
  • Spawn Location: 7:00

Kvanyr

  • Race: Zerg Zerg
  • League: Master
  • Spawn Location: 7:00

Mégabaff

  • Race: Zerg Zerg
  • League: Master
  • Spawn Location: 7:00

VOD

Have the link to the VOD?

Description

Time

  • Played on: Aug. 17, 2025, 5:43 a.m.
  • Length: 19:32
Show
View Real Time Build Order
Export as new Build Order

Woodroof Protoss - Winner!

Build Orders: 1 Gate Expand, Carriers 

Get SALT Encoding   

  12  0:00  Probe  
  13  0:12  Probe  
  14  0:22  Pylon  
  14  0:25  Probe  
  15  0:39  Probe  
  15  0:41  Gateway  
  16  0:47  Probe  
  16  0:48  Assimilator  
  16  0:55  Probe  
  18  1:07  Probe  
  19  1:34  Nexus  
  19  1:36  Probe  
  20  1:57  Zealot  
  22  2:05  Gateway  
  22  2:08  Cybernetics Core, Pylon  
  22  2:15  Probe  
  23  2:25  Warp Gate  
  23  2:26  Zealot  
  23  2:27  Probe  
  26  2:33  Gateway  
  26  2:35  Pylon  
  26  2:46  Probe x2  
  26  2:50  Stalker  
  28  2:58  Probe x2  
  32  3:10  Stalker, Probe x2  
  32  3:12  Shield Battery  
  36  3:21  Assimilator  
  36  3:22  Probe x2  
  36  3:26  Assimilator  
  38  3:34  Stalker, Probe x2  
  38  3:36  Stalker  
  44  3:46  Probe  
  45  3:51  Probe  
  45  3:54  Stalker  
  46  3:58  Probe  
  49  4:03  Probe  
  49  4:06  Pylon  
  50  4:10  Probe  
  50  4:15  Gateway, Probe  
  50  4:16  Gateway  
  52  4:18  Pylon  
  52  4:22  Stalker  
  54  4:24  Probe  
  54  4:27  Probe  
  56  4:50  Stalker x3  
  50  5:31  Stalker x2  
  50  5:32  Stalker  
  50  5:35  Stalker x2  
  60  5:46  Probe x2  
  60  5:49  Assimilator  
  62  5:55  Pylon  
  60  6:15  Stargate  
  60  6:17  Stargate  
  56  6:20  Pylon, Stalker x5  
  64  6:30  Probe x2  
  64  6:42  Probe  
  64  6:43  Probe  
  66  7:03  Forge  
  66  7:04  Shield Battery  
  66  7:08  Stalker x3  
  66  7:09  Stalker x2  
  66  7:14  Phoenix x2  
  80  7:24  Twilight Council  
  80  7:27  Pylon, Probe x2  
  80  7:29  Pylon  
  82  7:38  Phoenix  
  82  7:39  Probe x2  
  86  7:46  Stalker x3  
  92  7:53  Photon Cannon  
  75  8:36  Nexus  
  75  8:43  Cybernetics Core, Gateway  
  75  8:47  Photon Cannon  
  75  9:03  Phoenix x2  
  75  9:30  Stalker x3  
  73  9:34  Phoenix x2  
  73  9:37  Probe  
  74  9:49  Probe  
  74  9:52  Probe  
  76  9:59  Phoenix  
  78  10:01  Probe  
  78  10:04  Probe  
  80  10:12  Nexus  
  80  10:23  Phoenix  
  80  10:24  Phoenix  
  84  10:34  Protoss Ground Weapons Level 1  
  84  10:38  Probe x2  
  84  10:42  Pylon  
  86  10:45  Pylon  
  86  10:49  Phoenix  
  88  10:50  Probe x2  
  88  10:51  Protoss Air Weapons Level 1  
  90  11:07  Probe x2  
  92  11:19  Probe x2  
  94  11:31  Probe  
  79  12:24  Phoenix x2  
  83  12:49  Phoenix x2  
  81  13:08  Probe x3  
  81  13:11  Photon Cannon, Shield Battery  
  84  13:13  Shield Battery  
  84  13:14  Phoenix x2  
  84  13:15  Pylon  
  84  13:19  Photon Cannon  
  88  13:20  Probe x3  
  88  13:21  Shield Battery  
  88  13:24  Assimilator  
  88  13:26  Assimilator  
  91  13:32  Probe  
  92  13:36  Fleet Beacon  
  92  13:38  Protoss Air Armor Level 1  
  92  13:39  Phoenix x2  
  96  13:49  Nexus, Probe  
  96  13:50  Probe x2  
  96  13:51  Assimilator  
  99  13:55  Assimilator  
  99  13:58  Pylon  
  99  14:00  Pylon  
  99  14:01  Probe  
  99  14:02  Probe x2  
  102  14:03  Phoenix  
  102  14:04  Phoenix, Pylon  
  106  14:12  Stargate  
  106  14:14  Stargate, Probe x3  
  109  14:18  Stargate  
  109  14:19  Stargate  
  109  14:22  Stargate  
  109  14:28  Phoenix  
  109  14:29  Phoenix  
  109  14:30  Probe  
  109  14:31  Probe x2  
  116  14:53  Phoenix  
  122  15:00  Void Ray  
  121  16:02  Carrier x5  
  121  16:03  Carrier  
  121  16:12  Carrier  
  121  16:15  Protoss Air Weapons Level 2  
  163  17:06  Carrier x2  
  175  17:17  Pylon x2  
  175  17:19  Pylon  
  175  17:21  Pylon  
  175  17:23  Pylon  
  175  17:24  Pylon  
  175  17:25  Nexus, Pylon  
  175  17:27  Pylon  
  175  17:28  Assimilator  
  175  17:33  Assimilator  
  175  17:35  Carrier x2  
  175  17:36  Carrier  
  199  17:37  Carrier, Pylon  
  199  17:40  Pylon  
Show
View Real Time Build Order
Export as new Build Order

Grounded Protoss - Winner!

Build Orders: 1 Gate Expand, Blink Stalkers 

Get SALT Encoding   

  12  0:00  Probe  
  13  0:12  Probe  
  14  0:19  Pylon  
  14  0:24  Probe  
  15  0:37  Probe  
  15  0:38  Gateway  
  16  0:43  Assimilator  
  16  0:49  Probe  
  17  1:01  Probe  
  18  1:12  Assimilator  
  18  1:13  Probe  
  19  1:25  Probe  
  19  1:27  Cybernetics Core  
  20  1:38  Probe  
  21  1:40  Nexus  
  21  1:50  Probe  
  22  2:00  Warp Gate  
  22  2:06  Probe  
  22  2:08  Pylon  
  23  2:19  Pylon  
  23  2:23  Stalker  
  23  2:26  Probe  
  26  2:30  Gateway  
  26  2:38  Probe  
  26  2:39  Cybernetics Core  
  27  2:46  Shield Battery  
  27  2:50  Pylon, Probe x2  
  27  2:58  Probe x2  
  31  3:05  Twilight Council  
  31  3:08  Probe x2  
  33  3:13  Blink  
  33  3:21  Gateway  
  33  3:26  Stalker  
  33  3:27  Pylon  
  33  3:32  Probe  
  37  3:34  Probe  
  37  3:44  Probe  
  38  3:52  Probe  
  39  4:00  Stalker  
  41  4:06  Forge  
  41  4:09  Probe x2  
  43  4:13  Stalker  
  43  4:16  Stalker  
  47  4:21  Probe x2  
  47  4:22  Shield Battery  
  49  4:27  Shield Battery  
  49  4:33  Probe x2  
  49  4:34  Stalker  
  53  4:41  Stalker  
  53  4:42  Stalker  
  57  4:58  Gateway x2  
  57  5:00  Pylon  
  57  5:10  Stalker x3  
  63  5:23  Charge  
  63  5:24  Protoss Ground Weapons Level 1  
  63  5:37  Probe  
  63  5:39  Pylon  
  63  5:40  Pylon  
  63  5:41  Assimilator  
  63  5:42  Pylon  
  64  5:45  Assimilator  
  64  5:58  Stalker x5  
  64  5:59  Nexus  
  68  6:44  Pylon  
  68  6:46  Photon Cannon  
  68  6:47  Stalker x5  
  70  6:49  Photon Cannon  
  78  6:54  Pylon  
  78  6:55  Pylon  
  78  6:57  Pylon  
  78  6:59  Pylon  
  78  7:01  Pylon  
  78  7:13  Probe x3  
  81  7:17  Stalker x5  
  91  7:26  Protoss Shields Level 1  
  91  7:32  Probe  
  91  7:33  Robotics Facility  
  92  7:38  Probe x2  
  86  8:06  Stalker x3  
  86  8:07  Stalker x2  
  84  8:46  Stalker x2  
  84  8:47  Stalker x3  
  76  9:10  Pylon  
  76  9:11  Stalker x5  
  76  9:14  Assimilator  
  76  9:15  Templar Archives  
  76  9:16  Assimilator  
  86  9:17  Pylon  
  86  9:19  Protoss Ground Weapons Level 2  
  86  9:20  Pylon  
  86  9:26  Probe x2  
  86  9:27  Probe  
  89  9:37  Shield Battery  
  89  9:38  Probe  
  89  9:39  Shield Battery, Probe  
  89  9:42  Photon Cannon, Zealot x5  
  89  9:45  Photon Cannon  
  101  9:53  Photon Cannon  
  91  10:22  Zealot x2  
  91  10:23  Zealot  
  91  10:24  Zealot x2  
  99  10:37  Psionic Storm  
  99  10:39  Observer  
  100  10:54  Gateway x2  
  100  10:57  Gateway, Probe  
  100  10:58  Probe x2  
  100  10:59  Gateway  
  100  11:01  Gateway  
  100  11:02  Gateway  
  103  11:06  Zealot x5, Pylon  
  83  12:00  High Templar x9  
  75  12:09  Probe x3  
  78  12:21  Probe x3  
  81  12:23  Archon  
  81  12:24  Archon  
  81  12:25  Protoss Shields Level 2  
  81  12:31  Stalker x2  
  81  12:32  Stalker x2  
  81  12:33  Probe  
  90  12:39  Forge  
  90  12:49  Observer  
  91  12:51  Stalker  
  93  12:59  Stalker x4  
  93  13:00  Stalker x4  
  93  13:01  Stalker  
  107  13:28  High Templar x2  
  107  13:29  Zealot  
  107  13:30  Stalker x3  
  119  13:40  Probe  
  119  13:41  Probe x2  
  110  14:09  Archon x2, Nexus  
  100  14:11  Pylon  
  100  14:13  Pylon  
  89  14:32  Protoss Shields Level 3  
  89  14:33  Protoss Ground Weapons Level 3  
  75  14:49  Probe x2  
  75  14:50  Probe  
  70  15:01  Probe  
  70  15:06  Assimilator  
  71  15:10  Assimilator  
  71  15:12  Pylon  
  71  15:14  Shield Battery  
  71  15:17  Stalker, Shield Battery  
  71  15:18  Photon Cannon, Stalker  
  71  15:19  Stalker x5  
  71  15:20  Stalker x4  
  93  15:21  Photon Cannon  
  93  15:39  Gateway  
  93  15:40  Gateway  
  93  15:42  Gateway, Pylon  
  93  15:45  Gateway  
  93  15:46  Gateway  
  93  15:49  High Templar x7  
  107  15:51  Gateway  
  107  15:58  Gateway, Zealot x4  
  115  16:12  Probe  
  115  16:13  Probe  
  117  16:23  Photon Cannon  
  117  16:25  Photon Cannon  
  117  16:27  Photon Cannon  
  117  16:28  Pylon  
  117  16:32  Stalker x6  
  121  16:33  Stalker x5  
  121  16:37  Photon Cannon  
  139  16:40  Photon Cannon  
  139  16:42  Photon Cannon  
  139  16:47  Observer  
  140  17:03  Stalker x6  
  140  17:07  Zealot x5  
  148  17:42  Stalker  
  148  17:43  Stalker x7  
  147  18:06  Stalker x5  
  147  18:07  Zealot x5  
  147  18:08  Zealot  
  169  18:30  Zealot  
  169  18:31  Zealot x10  
  189  18:56  Zealot x5  
Show
View Real Time Build Order
Export as new Build Order

ricko Terran - Winner!

Build Orders: 2 Factory 

Get SALT Encoding   

  12  0:00  SCV  
  13  0:12  SCV  
  14  0:17  Supply Depot  
  14  0:24  SCV  
  14  0:28  Refinery  
  15  0:38  SCV  
  16  0:44  Barracks  
  16  0:51  SCV  
  16  0:55  Refinery  
  17  1:03  SCV  
  18  1:15  SCV  
  19  1:31  Orbital Command  
  19  1:33  Factory  
  19  1:36  Barracks Reactor  
  19  1:48  Supply Depot  
  19  2:00  SCV  
  20  2:16  SCV  
  21  2:25  Command Center  
  21  2:30  Supply Depot  
  21  2:33  SCV  
  22  2:38  Hellion  
  22  2:40  Hellion  
  26  2:46  SCV  
  27  2:59  SCV  
  27  3:02  Hellion  
  30  3:14  Factory  
  30  3:16  SCV  
  30  3:17  Barracks Tech Lab  
  31  3:24  Factory  
  31  3:33  Supply Depot  
  31  3:36  SCV  
  31  3:37  Hellion  
  34  3:48  SCV  
  34  3:50  Barracks Tech Lab  
  35  4:00  Hellion x2  
  35  4:01  SCV  
  40  4:13  SCV  
  41  4:25  SCV  
  36  5:14  Hellion x2  
  36  5:16  Supply Depot, SCV  
  36  5:19  Orbital Command  
  39  5:25  Cyclone  
  38  5:28  SCV  
  38  5:29  Mag-Field Accelerator  
  38  5:34  Cyclone  
  42  5:36  Infernal Pre-Igniter  
  42  5:40  SCV  
  43  5:43  Hellion x2  
  43  5:46  SCV  
  48  5:52  SCV  
  49  5:58  Cyclone  
  49  6:01  Factory  
  49  6:02  Factory  
  52  6:04  Hellion  
  52  6:06  Cyclone  
  52  6:08  Hellion  
  52  6:10  SCV x2  
  61  6:22  SCV  
  62  6:53  Supply Depot  
  62  7:06  Factory Tech Lab x2  
  62  7:15  Cyclone x2, SCV  
  69  7:16  Supply Depot  
  69  7:17  Supply Depot  
  69  7:18  SCV  
  70  7:37  Cyclone, SCV  
  70  7:38  Hellion x2  
  78  7:46  Command Center  
  78  7:47  Cyclone x2  
  68  7:52  Cyclone  
  68  7:54  SCV x2  
  68  7:57  Refinery  
  65  7:59  Refinery, Hellion  
  65  8:02  Supply Depot  
  67  8:06  Hellion  
  67  8:09  Cyclone  
  72  8:19  Cyclone x2  
  76  8:28  Cyclone  
  76  8:29  Hellion x2  
  76  8:32  SCV x2  
  85  8:35  Supply Depot  
  85  8:39  Supply Depot  
  85  8:46  Cyclone  
  84  8:51  Cyclone  
  84  8:54  Hellion x3  
  93  8:55  SCV  
  93  8:56  SCV  
  95  9:07  Orbital Command  
  95  9:08  SCV  
  95  9:09  SCV  
  97  9:11  Refinery  
  97  9:18  Supply Depot  
  97  9:19  Supply Depot, Cyclone x2, Hellion  
  97  9:20  SCV, Hellion x2  
  97  9:21  SCV  
  97  9:23  Hellion  
  113  9:32  SCV  
  113  9:33  SCV  
  115  9:41  Hellion x3  
  115  9:42  Supply Depot  
  115  9:44  Supply Depot, SCV  
  115  9:45  Hellion  
  124  9:51  Hellion x2  
  128  10:02  Cyclone, Hellion  
  128  10:06  Cyclone  
  136  10:12  Cyclone  
  136  10:13  Cyclone  
  135  10:15  Orbital Command  
  135  10:16  Hellion  
  136  10:24  Hellion  
  121  10:34  Cyclone  
  122  10:38  Cyclone  
  122  10:39  SCV x2  
  122  10:41  Hellion  
  129  10:44  Cyclone  
  129  10:45  Cyclone  
  131  10:51  SCV  
  126  11:04  Hellion  
  126  11:06  Cyclone  
  126  11:10  Cyclone  
  134  11:14  SCV  
  134  11:15  SCV  
  134  11:17  Cyclone x2  
  128  11:58  Cyclone  
  128  11:59  Cyclone x3, Hellion x2  
  136  12:21  Hellion x2  
  134  12:30  Cyclone  
  134  12:31  Cyclone, Hellion x2  
  136  12:52  Cyclone x2  
  136  12:54  Hellion  
  136  12:55  SCV x2, Hellion  
  148  12:59  SCV  
  148  13:03  Cyclone x2  
  148  13:05  Refinery  
  155  13:07  SCV x2  
  157  13:40  Hellion  
  157  13:41  Hellion  
  157  13:43  Cyclone x2  
  157  13:44  Cyclone  
  157  13:47  Cyclone  
  131  14:02  Hellion  
  112  14:15  Cyclone  
  112  14:16  Cyclone x2  
  116  14:19  Cyclone  
  113  14:33  Hellion  
  113  14:34  Hellion  
  113  14:36  SCV  
  113  14:37  SCV x2  
  120  14:47  Cyclone  
  120  14:48  Cyclone x2  
  120  14:51  Cyclone  
  132  14:55  Hellion x2  
  132  14:57  Supply Depot  
  136  15:16  Hellion x2  
  136  15:19  Cyclone  
  136  15:20  Cyclone  
  136  15:21  Hellion  
  148  15:23  Hellion  
  132  15:38  Hellion x2  
  132  15:39  Command Center  
  132  15:42  Hellion  
  132  15:45  Hellion  
  122  15:51  Cyclone  
  122  15:52  Cyclone  
  111  15:59  Hellion x2  
  111  16:03  Cyclone  
  115  16:06  SCV, Cyclone  
  119  16:20  Command Center  
  119  16:23  Cyclone  
  119  16:24  Cyclone  
  113  16:35  Cyclone  
  113  16:38  Cyclone  
  111  16:55  Cyclone  
  111  16:56  Cyclone  
  111  16:59  Hellion x2  
  121  17:05  SCV  
  121  17:06  SCV x2  
  121  17:08  Cyclone  
  127  17:10  Cyclone  
  130  17:17  SCV  
  130  17:21  Hellion x2  
  129  17:27  Cyclone  
  129  17:28  Cyclone  
  126  17:40  Cyclone  
  126  17:42  Cyclone  
  132  17:59  Cyclone  
  132  18:00  Cyclone  
  136  18:12  Cyclone  
  139  18:14  Cyclone  
  139  18:16  Hellion x2  
  146  18:32  Cyclone x2  
  147  18:44  Cyclone  
  147  18:46  Cyclone  
Show
View Real Time Build Order
Export as new Build Order

Conquenhablo Protoss 

Build Orders:  

Get SALT Encoding   

  12  0:01  Probe  
  13  0:13  Probe  
  14  0:25  Pylon  
  14  0:26  Probe  
  15  0:42  Probe  
  15  0:47  Gateway  
  16  0:50  Probe  
  16  0:51  Assimilator  
  17  0:58  Probe  
  17  1:04  Gateway  
  18  1:09  Probe  
  19  1:19  Gateway  
  19  1:35  Cybernetics Core  
  19  1:38  Zealot  
  21  1:45  Pylon  
  21  1:52  Zealot  
  23  2:12  Twilight Council  
  23  2:15  Zealot  
  25  2:16  Zealot  
  25  2:19  Zealot  
  25  2:21  Charge  
  29  2:30  Pylon  
  29  2:42  Zealot  
  31  2:45  Stalker  
  31  2:48  Pylon  
  33  2:58  Zealot  
  35  3:06  Stalker  
  37  3:15  Zealot  
  39  3:23  Stalker  
  41  3:36  Zealot  
  43  3:42  Zealot  
  43  3:46  Pylon  
  45  3:53  Zealot  
  47  4:04  Zealot  
  49  4:19  Nexus  
  47  5:00  Zealot  
  47  5:01  Zealot x2  
  47  5:03  Probe  
  54  5:13  Probe  
  48  5:21  Probe  
  39  5:27  Probe  
  39  5:28  Zealot x3  
  40  5:29  Probe  
  40  5:35  Probe  
  42  5:38  Probe  
  44  5:45  Probe  
  44  5:46  Probe  
  45  5:52  Stalker x2  
  45  5:54  Stalker  
  45  5:56  Probe  
  50  5:57  Probe  
  54  6:08  Probe  
  54  6:09  Probe  
  56  6:19  Stalker  
  58  6:39  Nexus, Probe  
  58  6:40  Stargate, Probe  
  58  6:41  Stargate  
  58  6:43  Assimilator  
  60  6:48  Probe x2  
  62  6:57  Stalker, Probe  
  62  6:58  Probe  
  66  7:01  Zealot x2  
  70  7:09  Assimilator  
  70  7:13  Pylon  
  70  7:17  Pylon  
  70  7:31  Probe x2  
  70  7:36  Stalker  
  72  7:37  Stalker  
  72  7:38  Stalker  
  72  7:44  Probe  
  75  7:53  Void Ray  
  75  7:57  Assimilator  
  75  7:58  Zealot  
  51  8:08  Zealot x2  
  51  8:25  Zealot  
  35  8:35  Zealot  
  35  8:36  Void Ray  
  36  8:44  Probe  
  36  8:45  Probe  
  33  8:56  Zealot x2  
  33  8:57  Probe x2  
  33  9:02  Zealot  
  41  9:08  Pylon  
  41  9:09  Probe  
  30  9:24  Zealot x2  
  30  9:27  Probe  
  30  9:29  Zealot  
  37  9:35  Probe  
  37  9:44  Probe  
  38  9:49  Probe  
  38  9:51  Zealot  
  41  9:53  Probe  
  41  9:58  Probe  
  43  10:01  Probe  
  45  10:07  Probe  
  45  10:11  Probe  
  47  10:20  Probe  
  48  10:23  Probe  
  48  10:27  Pylon  
  49  10:32  Probe  
  50  10:37  Void Ray  
  54  10:44  Void Ray  
  58  10:51  Nexus  
  58  10:53  Probe x2  
  60  11:10  Void Ray  
  64  11:22  Void Ray  
  67  11:43  Void Ray  
  71  12:00  Void Ray  
  69  12:11  Zealot x3  
  75  12:15  Nexus  
  79  12:25  Nexus  
  79  12:26  Void Ray  
  83  12:40  Void Ray  
  75  13:00  Void Ray  
  79  13:15  Void Ray  
  83  13:23  Probe  
  83  13:24  Probe x2  
  85  13:32  Probe  
  85  13:34  Probe  
  86  13:36  Probe x2  
  86  13:40  Void Ray  
  90  13:42  Probe x2  
  96  13:48  Probe x2  
  96  13:52  Probe  
  96  13:54  Probe  
  90  13:58  Void Ray  
  90  14:00  Probe  
  87  14:04  Probe  
  76  14:14  Probe  
  64  14:18  Probe x3  
  64  14:23  Void Ray, Probe  
  68  14:28  Fleet Beacon  
  68  14:30  Probe x3  
  72  14:34  Zealot x3  
  72  14:35  Void Ray  
  78  14:40  Probe  
  78  14:42  Probe x2  
  78  14:43  Probe  
  82  14:53  Void Ray  
  82  14:55  Probe  
  82  14:56  Probe x3  
  86  15:05  Void Ray  
  90  15:08  Probe x4  
  98  15:17  Assimilator  
  98  15:19  Zealot x3  
  104  15:21  Assimilator  
  104  15:29  Void Ray  
  90  15:45  Flux Vanes  
  90  15:46  Zealot x3  
  90  15:47  Void Ray  
  83  16:01  Probe  
  83  16:02  Probe x3  
  87  16:09  Void Ray  
  91  16:13  Zealot x2, Probe  
  91  16:14  Probe  
  91  16:17  Zealot  
  99  16:21  Void Ray  
  99  16:23  Stargate  
  103  16:34  Robotics Facility  
  103  16:36  Zealot  
  103  16:37  Zealot  
  103  16:39  Zealot  
  103  16:45  Void Ray  
  113  16:57  Zealot  
  113  17:04  Pylon  
  113  17:05  Pylon  
  113  17:07  Pylon  
  115  17:08  Pylon  
  115  17:10  Assimilator  
  115  17:16  Assimilator  
  115  17:19  Void Ray x2  
  115  17:20  Pylon  
  115  17:22  Zealot x2, Pylon  
  123  17:24  Pylon  
  123  17:25  Warp Prism  
  123  17:28  Void Ray  
  133  17:52  Void Ray x2  
  133  17:53  Zealot  
  133  17:54  Zealot x2  
  147  18:01  Void Ray  
  151  18:25  Void Ray  
  159  18:35  Void Ray  
  159  18:37  Zealot  
  159  18:38  Zealot x2  
  169  18:44  Void Ray  
Show
View Real Time Build Order
Export as new Build Order

Kvanyr Zerg 

Build Orders: Pool First 

Get SALT Encoding   

  12  0:01  Drone  
  13  0:21  Overlord  
  13  0:22  Drone  
  14  0:39  Drone x2  
  16  1:02  Spawning Pool  
  16  1:03  Drone x2  
  17  1:04  Extractor  
  17  1:10  Overlord  
  16  1:15  Drone  
  17  1:32  Hatchery  
  16  1:48  Hatchery  
  15  1:57  Queen  
  17  2:03  Drone  
  17  2:05  Drone  
  19  2:10  Drone  
  20  2:16  Drone  
  20  2:22  Metabolic Boost  
  21  2:27  Drone  
  22  2:32  Extractor  
  22  2:35  Spore Crawler  
  20  2:45  Queen  
  22  2:56  Lair  
  22  3:07  Queen  
  22  3:11  Drone  
  25  3:13  Drone  
  25  3:19  Drone  
  27  3:24  Drone  
  27  3:25  Drone  
  29  3:29  Drone  
  29  3:33  Drone  
  31  3:37  Drone  
  31  3:40  Drone  
  33  3:44  Drone  
  34  3:53  Roach Warren  
  33  3:56  Drone  
  33  3:59  Drone  
  33  4:01  Drone  
  36  4:05  Drone  
  37  4:10  Overlord  
  37  4:15  Overlord  
  37  4:25  Drone x3  
  37  4:26  Drone x2  
  42  4:34  Roach x2  
  42  4:35  Roach  
  48  4:38  Roach  
  48  4:41  Roach  
  48  4:45  Roach  
  54  4:49  Roach  
  54  4:50  Roach  
  58  4:55  Overlord  
  58  5:01  Glial Reconstitution  
  58  5:03  Overlord  
  58  5:16  Roach x2  
  58  5:17  Roach x2  
  58  5:18  Overlord  
  58  5:19  Overlord  
  66  5:27  Spore Crawler  
  65  5:28  Spore Crawler  
  64  5:37  Roach x5  
  64  5:39  Drone  
  64  5:40  Drone  
  64  5:42  Drone  
  77  5:44  Drone  
  77  5:49  Evolution Chamber  
  77  5:51  Evolution Chamber  
  77  5:53  Drone x2  
  77  5:55  Drone  
  79  5:57  Drone  
  78  6:04  Roach  
  78  6:05  Roach  
  80  6:13  Roach x3  
  86  6:19  Roach x2  
  86  6:24  Overlord x2  
  86  6:27  Zerg Missile Weapons Level 1  
  78  6:40  Roach x5  
  78  6:41  Roach  
  86  6:48  Zerg Ground Armor Level 1  
  86  6:49  Roach  
  86  6:50  Drone  
  86  6:52  Drone  
  86  6:53  Drone  
  91  6:56  Drone x2  
  91  6:59  Drone  
  94  7:02  Roach  
  94  7:03  Roach  
  94  7:06  Drone x2  
  100  7:10  Drone  
  100  7:11  Drone x2  
  100  7:14  Drone  
  104  7:23  Roach  
  104  7:24  Overlord x3  
  104  7:28  Extractor  
  104  7:29  Extractor  
  104  7:49  Roach  
  104  7:50  Roach x6  
  104  7:51  Roach x5  
  130  7:58  Roach  
  130  8:02  Overlord  
  130  8:03  Overlord x2  
  112  8:19  Roach x7  
  98  8:27  Roach  
  98  8:31  Roach x2  
  102  8:40  Roach x3  
  102  8:41  Roach  
  110  8:46  Extractor  
  110  8:48  Extractor, Drone x4  
  104  8:56  Roach x3  
  104  8:59  Roach x2  
  114  9:09  Drone x3  
  117  9:11  Zerg Missile Weapons Level 2  
  117  9:16  Roach  
  119  9:17  Roach x4  
  119  9:20  Drone x3  
  128  9:43  Hydralisk Den  
  127  9:59  Hatchery  
  126  10:06  Roach x5  
  126  10:07  Roach x8  
  148  10:21  Hydralisk x3, Roach  
  148  10:26  Hatchery  
  119  10:29  Roach x4  
  119  10:30  Roach  
  119  10:33  Zerg Ground Armor Level 2  
  103  10:51  Roach x7  
  117  10:57  Hatchery  
  116  11:06  Roach x7  
  130  11:11  Grooved Spines  
  130  11:17  Infestation Pit  
  129  11:22  Roach x5  
  129  11:24  Roach  
  141  11:32  Pneumatized Carapace  
  141  11:34  Roach  
  141  11:35  Roach x2  
  133  11:41  Roach x4  
  133  11:42  Roach  
  113  11:47  Queen  
  113  11:50  Roach  
  113  11:52  Roach  
  101  11:57  Roach  
  101  11:58  Roach  
  101  12:00  Roach  
  89  12:02  Muscular Augments  
  89  12:07  Roach  
  89  12:08  Roach  
  85  12:09  Roach  
  85  12:11  Roach  
  85  12:14  Roach  
  79  12:19  Roach  
  79  12:20  Roach  
  77  12:24  Roach  
  79  12:33  Roach x4  
  87  12:38  Roach  
  87  12:39  Roach  
  87  12:42  Roach  
  85  12:46  Drone  
  85  12:47  Drone x2  
  82  12:52  Roach  
  82  12:53  Roach  
  82  12:55  Roach  
  88  13:07  Roach x4  
  96  13:24  Hatchery  
  95  13:28  Hive  
  95  13:38  Roach  
  97  13:44  Roach x2  
  97  13:45  Roach  
  97  13:48  Roach  
  67  13:52  Roach  
  67  13:54  Roach  
  69  13:56  Roach  
  69  14:01  Roach  
  69  14:02  Hatchery  
  72  14:04  Roach x2  
  72  14:07  Roach  
  78  14:11  Roach  
  78  14:13  Roach  
  84  14:17  Roach  
  84  14:18  Roach  
  84  14:22  Roach  
  84  14:26  Roach  
  84  14:30  Roach  
  84  14:31  Roach  
  78  14:33  Roach  
  78  14:37  Roach  
  80  14:44  Ultralisk Cavern  
  79  14:48  Roach  
  79  14:49  Roach  
  81  14:56  Overseer  
  81  14:57  Overseer  
  81  15:01  Zerg Missile Weapons Level 3  
  81  15:09  Spore Crawler  
  81  15:11  Spine Crawler  
  79  15:20  Drone x2  
  79  15:21  Drone x4  
  85  15:24  Drone  
  85  15:25  Drone  
  87  15:33  Drone x2  
  87  15:34  Drone x2  
  91  15:37  Roach  
  91  15:39  Roach  
  95  15:46  Extractor  
  95  15:48  Extractor  
  93  15:51  Roach x2  
  93  15:53  Roach  
  95  15:57  Roach  
  95  15:58  Roach  
  97  16:07  Roach x4  
  105  16:13  Spore Crawler  
  105  16:16  Spine Crawler  
  103  16:22  Roach x3  
  103  16:23  Roach x2  
  113  16:39  Roach x5  
  123  16:40  Roach  
  123  16:42  Ravager  
  114  16:52  Hydralisk x4  
  114  17:02  Spore Crawler  
  114  17:03  Drone x2  
  114  17:04  Spore Crawler  
  114  17:18  Hydralisk x2  
  114  17:19  Hydralisk x2  
  104  17:30  Roach x3  
  84  17:39  Roach  
  84  17:40  Roach x3  
  81  17:49  Roach x2  
  51  18:16  Roach x4  
  51  18:17  Roach x2  
  56  18:22  Roach  
  53  18:27  Roach  
Show
View Real Time Build Order
Export as new Build Order

Mégabaff Zerg 

Build Orders: Pool First 

Get SALT Encoding   

  12  0:01  Drone  
  13  0:13  Overlord  
  13  0:17  Drone  
  14  0:46  Drone x3  
  17  0:56  Spawning Pool  
  16  0:57  Drone  
  17  1:06  Evolution Chamber  
  17  1:10  Extractor  
  15  1:11  Drone  
  16  1:29  Hatchery  
  15  1:39  Drone x2  
  17  1:50  Queen  
  19  2:08  Extractor  
  18  2:09  Drone x3  
  21  2:27  Lair  
  21  2:40  Roach Warren  
  21  2:41  Drone x2  
  21  2:58  Queen  
  21  3:03  Drone  
  24  3:08  Drone  
  24  3:12  Drone  
  26  3:18  Drone  
  27  3:21  Drone  
  28  3:28  Overlord  
  28  3:43  Spire  
  27  3:52  Extractor  
  26  4:00  Extractor  
  26  4:01  Drone x4  
  29  4:14  Roach  
  29  4:15  Roach  
  33  4:17  Zergling x2  
  33  4:18  Zergling x2  
  31  4:57  Mutalisk x2  
  35  5:01  Overlord x4  
  29  5:29  Mutalisk x4  
  37  5:37  Drone x2  
  37  5:39  Drone  
  40  5:46  Drone  
  41  5:52  Mutalisk  
  43  6:04  Roach x2  
  43  6:05  Roach  
  49  6:24  Roach x3  
  49  6:25  Roach  
  47  7:05  Zerg Melee Weapons Level 1  
  43  7:12  Evolution Chamber  
  42  7:16  Evolution Chamber  
  41  7:26  Drone x2  
  41  7:27  Drone x8  
  41  7:28  Drone  
  52  7:31  Roach  
  54  7:39  Zerg Missile Weapons Level 1  
  54  7:45  Zerg Ground Armor Level 1  
  54  7:48  Drone  
  54  7:49  Drone  
  56  7:55  Drone x4  
  56  7:56  Drone x2  
  62  8:17  Roach x2  
  62  8:18  Roach  
  68  8:21  Overlord x2  
  68  8:35  Overlord x2  
  68  8:47  Hatchery  
  51  9:01  Roach x5  
  61  9:20  Zerg Melee Weapons Level 2  
  61  9:24  Roach x3  
  61  9:25  Roach  
  69  9:44  Hydralisk Den  
  68  9:47  Drone x6  
  68  9:48  Drone x2  
  76  9:55  Roach  
  76  9:56  Roach  
  64  10:01  Zerg Missile Weapons Level 2  
  64  10:02  Zerg Ground Armor Level 2  
  64  10:09  Roach x3  
  64  10:12  Queen  
  64  10:13  Drone  
  73  10:21  Roach x2  
  77  10:33  Drone x2  
  77  10:35  Drone x3  
  84  10:43  Roach  
  84  10:55  Hatchery  
  83  10:59  Drone x6  
  83  11:01  Hatchery  
  78  11:12  Drone  
  78  11:15  Roach x5  
  86  11:29  Hydralisk x2  
  86  11:30  Hydralisk x4  
  98  11:38  Spore Crawler  
  97  11:53  Spore Crawler  
  70  12:14  Roach  
  70  12:15  Roach x8  
  82  12:16  Roach x2  
  82  12:35  Roach x4  
  90  12:40  Hydralisk x4  
  90  12:41  Hydralisk x3  
  102  12:51  Hydralisk x5  
  112  13:09  Hydralisk x2  
  112  13:10  Hydralisk  
  87  13:36  Roach x2  
  87  13:37  Roach x7  
  87  13:38  Roach x6  
  70  14:11  Roach x7  
  70  14:12  Roach x8  
  79  14:24  Roach x2  
  79  14:25  Roach x3  
  79  14:44  Infestation Pit  
  68  14:49  Roach x4  
  68  14:50  Roach x6  
  88  14:56  Overseer x3  
  88  15:01  Roach  
  88  15:02  Roach x4  
  98  15:13  Drone  
  85  15:53  Hydralisk  
  85  15:54  Hydralisk x6  
  85  15:55  Hydralisk x7  
  85  15:56  Hydralisk  
  105  16:03  Queen x4  
  103  16:07  Queen  
  101  16:18  Roach x4  
  109  16:21  Overlord x4  
  109  16:22  Overlord x2  
  99  16:34  Drone  
  99  16:35  Drone x4  
  102  16:49  Hydralisk  
  102  16:50  Hydralisk x2  
  106  17:15  Hydralisk x3  
  106  17:17  Roach  
  106  17:32  Spore Crawler  
  105  17:47  Roach x4  
  81  17:59  Roach x2  
  67  18:11  Roach  
Tags
 
Add a new tag
Caveats
  • Supply blocks, unpowered buildings, or Contaminate may cause inaccurate times.
  • Supply counts are checked every 10 seconds.